Map: 2000 Atmospheres LE

Players

herO - Winner!

  • Race: Protoss Protoss

AgoElazer (Elazer)

  • Race: Zerg Zerg

VOD

Have the link to the VOD?

Description

Time

  • Played on: Oct. 22, 2021, 8:38 a.m.
  • Length: 11:36
Show
View Real Time Build Order
Export as new Build Order

herO Protoss - Winner!

Build Orders: 1 Gate Expand, Carriers 

Get SALT Encoding   

  12  0:00  Probe  
  13  0:12  Probe  
  14  0:17  Pylon  
  14  0:24  Probe (Chrono Boost)  
  15  0:36  Probe (Chrono Boost)  
  15  0:38  Gateway  
  16  0:44  Probe (Chrono Boost)  
  16  0:47  Assimilator  
  17  0:50  Probe  
  18  1:03  Probe  
  19  1:15  Probe  
  20  1:26  Nexus  
  20  1:35  Cybernetics Core  
  20  1:37  Probe  
  21  1:43  Assimilator  
  21  1:49  Probe  
  22  1:55  Pylon  
  22  2:01  Probe  
  23  2:13  Adept, Probe (Chrono Boost)  
  26  2:16  Stargate  
  26  2:24  Warp Gate  
  26  2:26  Probe (Chrono Boost)  
  27  2:34  Probe (Chrono Boost)  
  28  2:39  Probe (Chrono Boost)  
  28  2:42  Adept  
  32  2:46  Probe (Chrono Boost)  
  32  2:48  Probe (Chrono Boost)  
  33  2:51  Void Ray (Chrono Boost)  
  33  2:53  Probe x2 (Chrono Boost)  
  35  3:05  Probe x2  
  41  3:09  Pylon  
  41  3:17  Probe x2  
  41  3:18  Void Ray (Chrono Boost)  
  43  3:22  Gateway  
  43  3:29  Probe  
  43  3:30  Probe  
  49  3:40  Assimilator  
  49  3:42  Probe, Assimilator  
  49  3:43  Probe  
  49  3:44  Pylon  
  51  3:56  Void Ray  
  51  3:57  Probe x2  
  57  4:08  Nexus  
  57  4:11  Pylon  
  57  4:13  Probe  
  57  4:14  Probe  
  59  4:26  Probe x2  
  61  4:31  Stargate  
  61  4:35  Shield Battery  
  61  4:38  Void Ray (Chrono Boost), Protoss Air Weapons Level 1, Probe  
  61  4:39  Probe  
  61  4:45  Pylon  
  67  4:50  Probe  
  67  4:51  Probe  
  69  4:53  Forge  
  69  5:03  Probe x2 (Chrono Boost)  
  71  5:07  Void Ray (Chrono Boost)  
  71  5:09  Pylon  
  71  5:13  Probe x2 (Chrono Boost)  
  73  5:20  Probe x2  
  73  5:21  Void Ray (Chrono Boost)  
  81  5:22  Probe  
  84  5:33  Probe x2, Assimilator x2  
  84  5:34  Probe  
  87  5:44  Void Ray, Fleet Beacon  
  87  5:49  Probe x3  
  90  5:51  Void Ray  
  94  6:02  Pylon x2  
  94  6:03  Pylon  
  98  6:07  Photon Cannon  
  98  6:08  Probe x2  
  98  6:09  Probe  
  99  6:14  Pylon  
  99  6:16  Adept  
  101  6:18  Flux Vanes  
  101  6:20  Pylon  
  101  6:21  Void Ray  
  101  6:22  Adept  
  103  6:28  Void Ray  
  103  6:32  Probe x3  
  113  6:45  Protoss Air Weapons Level 2 (Chrono Boost)  
  112  6:47  Probe  
  112  6:48  Probe x2  
  112  6:53  Nexus  
  115  6:55  Pylon  
  115  7:01  Photon Cannon  
  115  7:03  Pylon  
  115  7:05  Photon Cannon  
  115  7:06  Zealot  
  121  7:09  Probe x3  
  121  7:13  Pylon  
  124  7:16  Photon Cannon  
  124  7:20  Shield Battery  
  124  7:23  Carrier x2 (Chrono Boost)  
  124  7:24  Protoss Ground Weapons Level 1  
  132  7:31  Probe x3  
  135  7:37  Assimilator  
  135  7:38  Assimilator  
  135  7:46  Probe x3  
  138  7:53  Photon Cannon  
  138  7:55  Photon Cannon  
  138  7:56  Shield Battery  
  138  7:58  Robotics Facility  
  138  8:01  Twilight Council  
  138  8:12  Zealot x2  
  142  8:14  Probe x3  
  142  8:17  Carrier x2 (Chrono Boost)  
  157  8:24  Photon Cannon  
  157  8:25  Photon Cannon  
  155  8:29  Probe x3  
  158  8:36  Shield Battery  
  158  8:40  Sentry x2  
  158  8:41  Charge (Chrono Boost)  
  162  8:43  Photon Cannon  
  162  8:44  Gateway  
  162  8:45  Pylon, Gateway  
  150  9:09  Gateway  
  150  9:11  Gateway, Carrier x2 (Chrono Boost)  
  150  9:13  Gateway  
  150  9:14  Stalker x2  
  166  9:17  Photon Cannon  
  166  9:27  Templar Archives, Photon Cannon  
  166  9:28  Gateway  
  166  9:29  Observer  
  167  9:35  Pylon x2  
  161  9:46  Gateway  
  161  9:48  Gateway  
  161  9:51  Gateway  
  161  9:58  Warp Prism  
  161  9:59  Void Ray x2 (Chrono Boost), Gateway  
  157  10:06  High Templar  
  157  10:07  High Templar x4  
  169  10:13  Archon x2  
  169  10:14  Zealot, High Templar  
  177  10:19  Photon Cannon x2  
  177  10:24  Archon  
  177  10:40  High Templar x3  
  177  10:41  Zealot x3, High Templar  
  191  10:43  Zealot x2  
  191  10:45  Archon x2  
  195  10:51  Pylon  
  195  10:52  Dark Shrine  
  189  11:19  Zealot x5  
  199  11:28  Zealot x2  
  199  11:29  Zealot  
  199  11:34  Zealot x2  
  199  11:35  Zealot x2  
Show
View Real Time Build Order
Export as new Build Order

AgoElazer Zerg 

Build Orders: Hatch First 

Get SALT Encoding   

  12  0:00  Drone  
  13  0:11  Overlord  
  13  0:16  Drone  
  14  0:30  Drone x2  
  16  0:49  Hatchery  
  15  0:51  Drone  
  15  0:55  Drone  
  17  0:58  Drone  
  18  1:08  Extractor  
  17  1:13  Spawning Pool  
  17  1:17  Drone  
  17  1:22  Drone  
  18  1:32  Drone  
  19  1:39  Drone  
  20  1:49  Overlord  
  20  2:00  Queen x2  
  24  2:01  Drone  
  24  2:02  Zergling x2  
  26  2:10  Zergling x2  
  26  2:12  Drone  
  28  2:20  Metabolic Boost  
  28  2:23  Drone x2  
  30  2:32  Drone  
  30  2:33  Drone  
  32  2:38  Queen  
  34  2:44  Drone  
  34  2:45  Overlord  
  35  2:54  Hatchery  
  35  2:58  Overlord  
  34  3:01  Drone  
  35  3:10  Drone x3  
  38  3:13  Spore Crawler  
  38  3:14  Drone x3  
  38  3:16  Drone  
  42  3:25  Queen  
  42  3:26  Queen  
  44  3:29  Overlord  
  44  3:32  Overlord  
  46  3:35  Drone  
  46  3:36  Drone  
  46  3:38  Drone  
  49  3:51  Spore Crawler  
  49  3:52  Drone x7  
  55  3:56  Drone x2  
  55  3:57  Drone  
  58  4:03  Queen  
  58  4:08  Overlord  
  60  4:14  Drone x2  
  62  4:18  Drone x2  
  62  4:20  Drone x2  
  62  4:22  Overlord  
  66  4:28  Queen  
  66  4:29  Drone x6  
  74  4:38  Roach Warren, Extractor  
  72  4:41  Spore Crawler  
  72  4:43  Queen x2  
  74  4:45  Overlord  
  74  4:47  Drone x2  
  74  4:48  Drone x2  
  74  4:49  Drone  
  79  4:53  Drone x3, Extractor  
  79  4:55  Extractor  
  79  4:56  Drone  
  81  5:04  Lair  
  81  5:06  Drone x6  
  87  5:13  Overlord  
  87  5:18  Zergling x2  
  87  5:19  Zergling x2  
  89  5:22  Overlord x2  
  89  5:26  Hatchery  
  88  5:30  Evolution Chamber  
  88  5:31  Overlord x2, Extractor  
  86  5:37  Zergling x14  
  93  5:43  Drone  
  93  5:44  Drone  
  95  5:51  Drone x9  
  95  5:53  Queen  
  95  5:54  Queen  
  95  5:56  Extractor  
  107  5:57  Zerg Missile Weapons Level 1  
  107  5:58  Drone x2, Hatchery  
  107  5:59  Drone  
  109  6:05  Overlord  
  109  6:09  Infestation Pit, Spire  
  109  6:10  Queen  
  109  6:12  Drone x2  
  109  6:13  Drone  
  109  6:15  Drone x2  
  109  6:16  Drone  
  115  6:20  Drone x4  
  115  6:21  Drone  
  120  6:29  Hatchery  
  118  6:34  Queen, Overlord  
  118  6:37  Drone x6  
  125  6:43  Queen  
  126  6:49  Overlord  
  126  6:51  Zergling x14  
  130  7:00  Hive  
  130  7:04  Overlord  
  130  7:07  Extractor x2  
  128  7:10  Queen  
  128  7:11  Evolution Chamber  
  129  7:19  Queen  
  131  7:23  Drone x9  
  131  7:28  Overlord  
  139  7:37  Overseer  
  139  7:42  Hydralisk Den  
  139  7:43  Queen  
  138  7:46  Corruptor x10  
  158  7:56  Corruptor  
  158  7:57  Hatchery  
  160  8:05  Corruptor x3  
  165  8:15  Corruptor  
  165  8:16  Corruptor  
  168  8:20  Zerg Flyer Armor Level 1  
  168  8:25  Corruptor x3  
  169  8:33  Zerg Ground Armor Level 1  
  169  8:45  Overlord  
  169  8:46  Glial Reconstitution  
  169  8:47  Zerg Missile Weapons Level 2  
  169  8:52  Hatchery  
  168  9:02  Hatchery  
  159  9:03  Corruptor  
  159  9:04  Corruptor x2  
  159  9:05  Zergling x2  
  159  9:06  Zergling x24  
  178  9:24  Overlord  
  178  9:29  Roach x3  
  184  9:34  Overlord x2  
  184  9:38  Spire  
  177  9:51  Viper  
  177  9:52  Viper x2  
  181  10:01  Drone x4, Extractor  
  181  10:02  Drone x3, Extractor  
  181  10:04  Spore Crawler  
  181  10:05  Spore Crawler x2  
  181  10:06  Spore Crawler  
  182  10:07  Spore Crawler x2  
  182  10:08  Spore Crawler  
  179  10:16  Spore Crawler  
  179  10:17  Spore Crawler  
  179  10:19  Viper  
  179  10:21  Infestor x3  
  180  10:28  Drone x8  
  192  10:30  Drone x3, Spine Crawler  
  192  10:32  Spine Crawler  
  192  10:33  Spine Crawler x2  
  191  10:39  Spore Crawler  
  191  10:40  Overseer, Spore Crawler x2  
  188  10:49  Spore Crawler  
  187  10:56  Overlord  
  187  10:59  Overlord x2  
  186  11:05  Spore Crawler  
Tags
 
Add a new tag
Caveats
  • Supply blocks, unpowered buildings, or Contaminate may cause inaccurate times.
  • Supply counts are checked every 10 seconds.